 Dungeon Crawl Stone Soup version 0.18-a0-1120-g03bd624 (webtiles) character file.

93 vatarom the Conjurer (level 4, 35/38 HPs)
             Began as a Draconian Conjurer on Jan 7, 2016.
             Quit the game on level 3 of the Dungeon on Jan 17, 2016.
             The game lasted 00:05:47 (2176 turns).

vatarom the Conjurer (Draconian Conjurer)           Turns: 2176, Time: 00:05:47

Health: 35/38      AC:  5    Str:  8 (10) XL:     4   Next: 37%
Magic:  2/7        EV: 12    Int: 17      God:
Gold:   95         SH:  0    Dex: 11      Spells: 3 memorised, 1 level left

rFire  . . .     SeeInvis .     e - +1 hand axe
rCold  . . .     Gourm    .     (armour unavailable)
rNeg   . . .     Faith    .     (no shield)
rPois  .         Spirit   .     (helmet restricted)
rElec  .         Dismiss  .     (no cloak)
rCorr  .         Reflect  .     (no gloves)
SustAt .         Harm     .     (no boots)
MR     .....                    (no amulet)
Stlth  ++........               (no ring)
                                (no ring)

@: not resistant to hostile enchantments, unstealthy
A: unfitting armour, cold-blooded, AC +5
a: no special abilities


You were on level 3 of the Dungeon.
You were hungry.

You visited 1 branch of the dungeon, and saw 3 of its levels.

You collected 95 gold pieces.

Inventory:

Hand Weapons
 e - a +1 hand axe (weapon)
Scrolls
 b - 3 scrolls of blinking
 d - a scroll of teleportation
Potions
 h - a potion of flight
Books
 a - a book of Conjurations

   Spells                             Type                      Level
   a - Magic Dart                     Conjuration                  1
   b - Searing Ray                    Conjuration                  2
   c - Dazzling Spray                 Conjuration/Hexes            3
   d - Fulminant Prism                Conjuration/Hexes            4
   e - Iskenderun's Mystic Blast      Conjuration                  4
   f - Iskenderun's Battlesphere      Conjuration/Charms           5
Comestibles
 c - 3 beef jerkies
 f - 2 meat rations
 g - a slice of pizza


   Skills:
 + Level 3.1 Fighting
 - Level 1.7 Dodging
 - Level 1.7 Stealth
 - Level 2.0 Spellcasting
 + Level 5.0 Conjurations


You had one spell level left.
You knew the following spells:

 Your Spells              Type           Power        Failure   Level  Hunger
a - Magic Dart            Conj           ###.         2%          1    #......
b - Searing Ray           Conj           ###...       3%          2    ###....
c - Dazzling Spray        Conj/Hex       ##......     21%         3    ###....


Dungeon Overview and Level Annotations

Branches:
Dungeon (3/15)

Altars:
Elyvilon


Innate Abilities, Weirdness & Mutations

Your plain brown scales are hard (AC +5).
Your body does not fit into most forms of armour.
You are cold-blooded and may be slowed by cold attacks.


Message History

Aim: an orc, wearing a leather armour The searing ray hits the orc.
The orc is heavily wounded.
The orc barely misses you.
The searing ray hits the orc.
You kill the orc!
Your Fighting skill increases to level 3!
The searing ray hits the orc.
The orc is almost dead.
The orc hits you with a hand axe.
The searing ray hits the orc.
You kill the orc!
The searing ray hits the orc.
You kill the orc!
f - 2 meat rations (gained 1) Welcome back, vatarom the Draconian Conjurer.
Press ? for a list of commands and other information.
Are you sure you want to abandon this character and quit the game? (Confirm with "yes".)
Okay, then.
Are you sure you want to abandon this character and quit the game? (Confirm with "yes".)

########### ##...[).....
###############.@.#######.
................$..!?....
#######.#######...#######
#.# ##..# #.# #..# #.#
#..# #.# #..# #.# #..# #.#


There were no monsters in sight!

Vanquished Creatures
  4 adders
  4 worms
  2 giant geckos
  3 orcs (D:3)
  6 hobgoblins
  6 bats
  A giant newt (D:1)
  5 goblins
  6 kobolds
  6 rats
43 creatures vanquished.

Notes
Turn   | Place    | Note
--------------------------------------------------------------
     0 | D:1      | vatarom the Draconian Conjurer began the quest for the Orb.
     0 | D:1      | Reached XP level 1. HP: 14/14 MP: 3/3
   392 | D:1      | Reached skill level 1 in Fighting
   438 | D:1      | Reached XP level 2. HP: 21/23 MP: 3/5
   472 | D:1      | Learned a level 2 spell: Searing Ray
   850 | D:2      | Reached XP level 3. HP: 29/29 MP: 6/6
  1051 | D:2      | Learned a level 3 spell: Dazzling Spray
  1773 | D:2      | Reached XP level 4. HP: 37/37 MP: 7/7
  1994 | D:3      | Found a white marble altar of Elyvilon.
  2068 | D:3      | Reached skill level 5 in Conjurations
  2176 | D:3      | Upgraded the game from 0.18-a0-1024-gf1736fb to 0.18-a0-1120-g03bd624
  2176 | D:3      | Quit the game

Vault maps used:
D:1:      mainiacjoe_arrival_reflecting_pool
D:3:      nicolae_overflow_crystal_walls, first_bread

Action                   |  1- 3 |  4- 6 || total
-------------------------+-------+-------++-------
Melee: Hand axe          |    85 |    19 ||   104
 Cast: Magic Dart        |    22 |     2 ||    24
       Searing Ray       |     3 |     3 ||     6
       Dazzling Spray    |     1 |       ||     1
  Use: Potion            |     5 |     1 ||     6
       Scroll            |     5 |     3 ||     8
 Stab: Sleeping          |     5 |       ||     5
  Eat: Bread ration      |     1 |       ||     1
